 Dungeon Crawl Stone Soup version 0.25-a0-561-g0977b4d109 (webtiles) character file.

Game seed: 15553514757546870043, levelgen mode: deterministic

17650 Flugslaktarn the Fanfare of Bloodshed (level 12, -4/97 HPs)
             Began as a Formicid Fighter on Feb 25, 2020.
             Was a Believer of Makhleb.
             Slain by a wolf (6 damage)
             ... on level 3 of the Lair of Beasts.
             The game lasted 00:07:35 (14534 turns).

Flugslaktarn the Fanfare of Bloodshed (FoFi)       Turns: 14534, Time: 00:07:36

Health: -4/97      AC: 16    Str: 27    XL:     12   Next: 85%
Magic:  21/21      EV:  7    Int:  7    God:    Makhleb [**....]
Gold:   414        SH: 12    Dex: 10    Spells: 11/11 levels left

rFire    + . .     SeeInvis +   A - +5 broad axe (flame)
rCold    . . .     Gourm    .   c - +0 kite shield
rNeg     + . .     Faith    .   s - +1 plate armour
rPois    .         Spirit   .   (helmet unavailable)
rElec    .         Reflect  .   (no cloak)
rCorr    .         Harm     .   (no gloves)
MR       ++...                  (no boots)
Stlth    ..........             (no amulet)
HPRegen  0.26/turn              n - ring of positive energy
MPRegen  0.17/turn              f - ring of protection from fire

@: no status effects
A: permanent stasis, dig shafts and tunnels, four strong arms, antennae 3,
rugged brown scales 1, magic resistance 1
a: Dig, Shaft Self, Minor Destruction, Renounce Religion


You were on level 3 of the Lair of Beasts.
You worshipped Makhleb.
Makhleb was pleased with you.
You were not hungry.

You visited 3 branches of the dungeon, and saw 15 of its levels.

You collected 667 gold pieces.
You spent 253 gold pieces at shops.

Inventory:

Hand Weapons
 a - a +0 war axe
 y - a +2 hand axe of electrocution
   (You took it off an orc on level 3 of the Dungeon)
 A - a +5 broad axe of flaming (weapon)
   (You bought it in a shop on level 4 of the Dungeon)
Missiles
 x - 8 throwing nets (quivered)
Armour
 c - a +0 kite shield (worn)
 m - +0 ice dragon scales
   (You took it off a kobold on level 3 of the Dungeon)
 s - a +1 plate armour (worn)
   (You found it on level 2 of the Dungeon)
Jewellery
 f - a ring of protection from fire (right hand)
   (You found it on level 2 of the Dungeon)
 g - a +3 ring of protection {unknown}
   (You found it on level 6 of the Dungeon)
 n - a ring of positive energy (left hand)
   (You found it on level 1 of the Dungeon)
 H - an uncursed amulet of harm {unknown}
   (You found it on level 1 of the Lair of Beasts)
Wands
 h - a wand of paralysis (23)
   (You found it on level 6 of the Dungeon)
 p - a wand of iceblast (20)
   (You found it on level 4 of the Dungeon)
 t - a wand of clouds (1)
   (You found it on level 7 of the Dungeon)
 v - a wand of digging (4)
   (You found it on level 4 of the Dungeon)
Scrolls
 i - 3 scrolls of immolation
 r - 2 scrolls of identify
 z - 8 scrolls of remove curse
 B - a scroll of fear {unknown}
 C - a scroll of blinking {unknown}
 G - a scroll of enchant armour
Potions
 b - 3 potions of lignification
 d - a potion of might
 j - a potion of invisibility
 k - 3 potions of ambrosia {unknown}
 l - a potion of stabbing
 o - a potion of magic {unknown}
 q - 5 potions of curing
 u - a potion of cancellation {unknown}
 w - a potion of heal wounds
 E - a potion of mutation
 F - a potion of degeneration {unknown}
Comestibles
 e - 16 rations
 D - 16 chunks of flesh


   Skills:
 * Level 9.0 Fighting
 * Level 10.6 Axes
 + Level 8.9 Armour
 + Level 9.7 Shields
 - Level 13.3 Invocations


You had 11 spell levels left.
You didn't know any spells.
Your spell library was empty.

Dungeon Overview and Level Annotations

Branches:
Dungeon (11/15)            Temple (1/1) D:7            Lair (3/6) D:9
  Swamp: Lair:2-4    Shoals: Lair:2-4     Snake: Lair:2-4    Spider: Lair:2-4
    Orc: D:9-12

Altars:
Ashenzari
Cheibriados
Dithmenos
Elyvilon
Fedhas
Gozag
Hepliaklqana
Kikubaaqudgha
Makhleb
Nemelex Xobeh
Okawaru
Qazlal
Ru
Sif Muna
Trog
Uskayaw
Vehumet
Wu Jian
Xom
Yredelemnul
Zin
The Shining One

Shops:
D:4 (   D:8 !


Innate Abilities, Weirdness & Mutations

You cannot be hasted, slowed, berserked, paralysed or teleported.
You can dig through walls and to a lower floor.
Your four strong arms can wield two-handed weapons with a shield.
You have a pair of large antennae on your head. (SInv)
You are partially covered in rugged brown scales. (AC +1, +3% HP)
You are resistant to hostile enchantments. (MR+)


Message History

The four-headed hydra is almost dead.
You closely miss the wolf.
Your plate armour prevents you from hitting the bullfrog.
You closely miss the wolf. You hit the wolf but do no damage.
The wolf bites you.
* * * LOW HITPOINT WARNING * * *
You block the wolf's attack. x2; The bullfrog hits you.
* * * LOW HITPOINT WARNING * * *
The four-headed hydra bites you.
* * * LOW HITPOINT WARNING * * *
The four-headed hydra bites you but does no damage.
The four-headed hydra bites you!
* * * LOW HITPOINT WARNING * * *
You block the four-headed hydra's attack.
The wolf bites you.
* * * LOW HITPOINT WARNING * * *
The wolf bites you.
* * * LOW HITPOINT WARNING * * *
The wolf bites you.
You die...

## #...........
..#.P###............
♣..>................
≈♣.......#####...#
♣.####..####....#
##...#P#P...#.
#.............
####+#h.#....
#...@h.......
#.#DhF..#..#.
.....#.# ##
#.#.⌠?....
#.#...#.#... #
#......... .....
..PP .#.#[##.#


You could see a four-headed hydra, 3 wolves and a bullfrog.

Vanquished Creatures
  Erolcha (D:9)
  Harold (Lair:1)
  3 two-headed ogres
  Sonja (Lair:2)
  An unseen horror (D:11)
  6 elephants (Lair:2)
  Psyche (D:11)
  A black mamba (Lair:2)
  4 spiny frogs (Lair:1)
  A gargoyle (D:10)
  3 komodo dragons
  A polar bear (Lair:2)
  2 hippogriffs
  A spriggan (D:9)
  5 yaks (Lair:3)
  2 hungry ghosts
  6 water moccasins
  Duvessa (D:5)
  4 porcupines
  4 orc warriors
  2 ice beasts (D:8)
  5 phantoms
  A black bear (Lair:1)
  A sky beast (D:7)
  A hornet zombie (D:5)
  3 ogres
  2 wolves (Lair:3)
  4 centaurs
  2 crocodiles
  2 big kobolds
  9 bullfrogs
  Dowan (D:5)
  A gnoll sergeant (D:9)
  3 scorpions
  10 wights
  11 killer bees
  2 howler monkeys (D:10)
  An electric eel (Lair:2)
  2 crimson imps
  A bullfrog zombie (D:6)
  A centaur zombie (D:9)
  A jelly (D:10)
  5 orc priests
  3 hounds
  14 orc wizards
  2 centaur skeletons (D:4)
  2 bullfrog skeletons
  8 worker ants
  A killer bee zombie (D:5)
  A hound skeleton (D:5)
  3 gnolls (D:9)
  11 adders
  2 shadow imps
  An ooze (D:1)
  An adder zombie (D:7)
  3 worms
  2 dart slugs (D:1)
  5 leopard geckos
  34 orcs
  9 bats
  4 giant cockroaches
  7 goblins
  6 hobgoblins
  11 jackals
  22 kobolds
  4 quokkas
  A ball python (D:3)
  4 frilled lizards
  A jackal zombie (D:5)
  A leopard gecko skeleton (D:4)
  A leopard gecko zombie (D:5)
  A quokka zombie (D:8)
  5 rats
  A fungus (Lair:2)
291 creatures vanquished.

Notes
Turn   | Place    | Note
-------+----------+-------------------------------------------
     0 | D:1      | Flugslaktarn the Formicid Fighter began the quest for the
                  | Orb.
     0 | D:1      | Reached XP level 1. HP: 18/18 MP: 1/1
    96 | D:1      | Reached XP level 2. HP: 7/24 MP: 2/2
   570 | D:1      | Reached XP level 3. HP: 29/29 MP: 3/3
  1045 | D:2      | Found a sacrificial altar of Ru.
  1342 | D:2      | Found an ancient bone altar of Kikubaaqudgha.
  1376 | D:2      | Reached XP level 4. HP: 37/37 MP: 4/4
  1757 | D:2      | Found a glowing silver altar of Zin.
  2055 | D:3      | Reached XP level 5. HP: 42/42 MP: 5/5
  2827 | D:4      | Reached XP level 6. HP: 17/48 MP: 6/6
  3210 | D:4      | Noticed a phantom
  3242 | D:4      | Killed a phantom
  3242 | D:4      | Reached skill level 5 in Shields
  3478 | D:4      | Noticed a phantom
  3484 | D:4      | Killed a phantom
  3484 | D:4      | Reached XP level 7. HP: 47/55 MP: 7/7
  3624 | D:4      | Found a radiant altar of Vehumet.
  3711 | D:4      | Reached skill level 5 in Axes
  3764 | D:4      | Found Xisifr Arij's Antique Weapon Shoppe.
  3772 | D:4      | Bought a glowing broad axe for 203 gold pieces
  3971 | D:5      | Entered Level 5 of the Dungeon
  3980 | D:5      | Reached skill level 5 in Fighting
  3980 | D:5      | Reached skill level 5 in Armour
  3999 | D:5      | Found a hazy altar of Hepliaklqana.
  4013 | D:5      | Found an iron altar of Okawaru.
  4290 | D:5      | Reached XP level 8. HP: 49/62 MP: 8/8
  4539 | D:5      | Noticed Dowan
  4542 | D:5      | Noticed Duvessa
  4585 | D:5      | Killed Duvessa
  4612 | D:5      | Killed Dowan
  5484 | D:6      | Reached XP level 9. HP: 27/69 MP: 9/9
  6034 | D:7      | Found a stormy altar of Qazlal.
  6038 | D:7      | Found an ornate altar of the Wu Jian Council.
  6147 | D:7      | Found an opulent altar of Gozag.
  6583 | D:7      | Found a staircase to the Ecumenical Temple.
  6603 | Temple   | Entered the Ecumenical Temple
  7389 | D:8      | Found Reomp's Distillery.
  7393 | D:8      | Bought a potion of heal wounds for 50 gold pieces
  7393 | D:8      | Gained mutation: You are resistant to hostile enchantments.
                  | (MR+) [potion of mutation]
  7393 | D:8      | Gained mutation: You are partially covered in rugged brown
                  | scales. (AC +1, +3% HP) [potion of mutation]
  7486 | D:8      | Noticed a hippogriff
  7493 | D:8      | Killed a hippogriff
  7498 | D:8      | Reached XP level 10. HP: 63/81 MP: 10/10
  7755 | D:8      | Found a sacrificial altar of Ru.
  8067 | D:9      | Noticed a two-headed ogre
  8094 | D:9      | Killed a two-headed ogre
  8109 | D:9      | Found a staircase to the Lair.
  8475 | D:9      | Noticed a two-headed ogre
  8752 | D:9      | Killed a two-headed ogre
  8883 | D:9      | Noticed Erolcha
  9035 | D:9      | Killed Erolcha
  9035 | D:9      | Reached skill level 10 in Axes
  9035 | D:9      | Reached XP level 11. HP: 26/89 MP: 11/11
  9389 | D:9      | Found a burning altar of Makhleb.
  9736 | D:9      | Became a worshipper of Makhleb the Destroyer
  9911 | D:10     | Entered Level 10 of the Dungeon
  9917 | D:10     | Reached skill level 1 in Invocations
  9962 | D:10     | Reached skill level 2 in Invocations
  9975 | D:10     | Reached skill level 3 in Invocations
 10384 | D:10     | Reached skill level 4 in Invocations
 10430 | D:10     | Noticed a two-headed ogre
 10435 | D:10     | Killed a two-headed ogre
 10435 | D:10     | Reached skill level 5 in Invocations
 10736 | D:10     | Reached * piety under Makhleb
 10799 | D:10     | Reached skill level 6 in Invocations
 11583 | D:11     | Noticed Psyche
 11586 | D:11     | Killed Psyche
 11586 | D:11     | Reached skill level 7 in Invocations
 11602 | D:11     | Noticed an unseen horror
 11613 | D:11     | Killed an unseen horror
 11613 | D:11     | Reached skill level 8 in Invocations
 11788 | Lair:1   | Entered Level 1 of the Lair of Beasts
 11797 | Lair:1   | Noticed Harold
 11808 | Lair:1   | Killed Harold
 11898 | Lair:1   | Reached skill level 9 in Invocations
 12146 | Lair:1   | Reached XP level 12. HP: 85/96 MP: 17/19
 12441 | Lair:1   | Reached skill level 10 in Invocations
 12754 | Lair:1   | Reached ** piety under Makhleb
 12754 | Lair:1   | Reached skill level 11 in Invocations
 13602 | Lair:2   | Noticed Sonja
 13615 | Lair:2   | Killed Sonja
 13615 | Lair:2   | Reached skill level 12 in Invocations
 13807 | Lair:2   | Reached skill level 13 in Invocations
 14527 | Lair:3   | Noticed an eight-headed hydra
 14534 | Lair:3   | HP: 2/97 [wolf (3)]
 14534 | Lair:3   | Slain by a wolf

Levels and vault maps discovered:
D:1:      dpeg_arrival_lava_altar, layout_loops_cross, nrook_loot_triangle
D:2:      layout_loops_ring, zin_statuary, kiku_gazebo_pond_becter,
          nicolae_ru_awakened_eye
D:3:      layout_rooms, palyth_stone_intersect
D:4:      layout_basic, old_standard_altar, first_ration, serial_shops, shop,
          minmay_crystal_room, hex_large, eino_tiny_chamber
D:5:      layout_basic, nicolae_overflow_hidden_temple,
          okawaru_ov_weapons_minmay, serial_curves, eino_curves_03,
          eino_curves_04, uniq_duvessa
D:6:      layout_cave_pools
D:7:      layout_basic, lemuel_round_altar, minitemple, minmay_temple_entry_grid
D:8:      layout_loops_ring, lemuel_coloured_pillars_altar, serial_shops, shop
D:9:      layout_basic, lemuel_doored_altar, dpeg_oklobed_lair, the_bakery,
          uniq_erolcha
D:10:     layout_basic, kennysheep_opposing_triangles
D:11:     layout_roguey, uniq_psyche
Temple:   nicolae_temple_no_exploring_needed
Lair:1:   layout_regular_city, serial_bayou_shore_b, grunt_megastairs_2,
          uniq_harold
Lair:2:   layout_regular_city, infiniplex_staircase_pool, uniq_sonja
Lair:3:   layout_small_grid, swamp_mist_pool, beast_lair_carwin_2,
          lemuel_fruit_tree, serial_bayou_shore_a, lemuel_fruit_fields,
          grunt_megastairs_1

Skill      XL: |  1  2  3  4  5  6  7  8  9 10 11 12 |
---------------+-------------------------------------+-----
Shields        | 4 5 6 7 9 |  9.7
Axes           | 3 4 5 6 8 10 | 10.6
Fighting       | 4 5 6 7 8 9 |  9.0
Armour         | 4 5 6 7 8 |  8.9
Invocations    | 9 13 | 13.3

Action                   |  1- 3 |  4- 6 |  7- 9 | 10-12 || total
-------------------------+-------+-------+-------+-------++-------
Melee: War axe           |   112 |    79 |       |       ||   191
       Hand axe          |       |    91 |    21 |       ||   112
       Broad axe         |       |       |   205 |   367 ||   572
       Unarmed           |       |       |     1 |       ||     1
Evoke: Wand              |       |       |       |     1 ||     1
  Use: Scroll            |       |       |    18 |       ||    18
       Potion            |       |       |     2 |     1 ||     3
  Eat: Chunk             |     2 |     5 |    11 |    12 ||    30
       Ration            |       |       |     1 |     4 ||     5
Armor: Scale mail        |    44 |       |       |       ||    44
       Chain mail        |    10 |       |       |       ||    10
       Plate armour      |       |    87 |   133 |   212 ||   432
       Ice dragon scales |       |     8 |       |       ||     8
Dodge: Dodged            |    43 |    29 |    50 |   123 ||   245
Block: Kite shield       |    87 |    85 |   121 |   241 ||   534

Table legend:
 A = Non-vault XP
 B = Vault XP
 C = Vault XP percentage of total XP
 D = Non-vault monster count
 E = Vault monster count
 F = Vault count percentage of total count
                 A         B        C        D         E       F
            +---------+---------+-------+---------+---------+-------
      Total |   20524 |    4691 |  18.6 |     277 |      13 |   4.5
            +---------+---------+-------+---------+---------+-------
        D:1 |      43 |       0 |   0.0 |      20 |       0 |   0.0
        D:2 |      73 |       0 |   0.0 |      25 |       0 |   0.0
        D:3 |     110 |       0 |   0.0 |      26 |       0 |   0.0
        D:4 |     572 |       0 |   0.0 |      17 |       0 |   0.0
        D:5 |     391 |     230 |  37.0 |      13 |       2 |  13.3
        D:6 |     618 |       0 |   0.0 |      13 |       0 |   0.0
        D:7 |     729 |       0 |   0.0 |      22 |       0 |   0.0
        D:8 |    1447 |       0 |   0.0 |      27 |       0 |   0.0
        D:9 |    4012 |    1236 |  23.6 |      47 |       2 |   4.1
       D:10 |    2579 |     171 |   6.2 |      28 |       2 |   6.7
       D:11 |    1094 |     463 |  29.7 |       6 |       1 |  14.3
     Lair:1 |    2930 |    1771 |  37.7 |      12 |       5 |  29.4
     Lair:2 |    4678 |     820 |  14.9 |      14 |       1 |   6.7
     Lair:3 |    1248 |       0 |   0.0 |       7 |       0 |   0.0
            +---------+---------+-------+---------+---------+-------
